 Dungeon Crawl Stone Soup version 0.28.0-53-g5a82cb258f (webtiles) character file.

Game seed: 10834519970625644860

70 Tiocfaidh the Stinger (level 3, -4/39 HPs)
             Began as a Demigod Venom Mage on June 10, 2022.
             Slain by a bullfrog (5 damage)
             ... on level 3 of the Dungeon on June 11, 2022.
             The game lasted 00:15:45 (1705 turns).

Tiocfaidh the Stinger (Demigod Venom Mage)          Turns: 1705, Time: 00:15:45

Health: -4/39      AC: 21    Str:  7 (9)  XL:     3   Next: 76%
Magic:  5/9        EV: -1    Int: 20 (21) God:
Gold:   88         SH:  0    Dex: 13 (14) Spells: 3/6 levels left

rFire   . . .      SeeInvis .   i - +0 short sword
rCold   + . .      Faith    .   (no shield)
rNeg    . . .      Spirit   .   (armour currently unavailable)
rPois   +          Reflect  .   (helmet currently unavailable)
rElec   .          Harm     .   (cloak currently unavailable)
rCorr   .          Rampage  .   (gloves currently unavailable)
Will    .....      NoTele   +   (boots currently unavailable)
Stlth   ++........              (no amulet)
HPRegen 0.13/turn               f - ring of protection from cold
MPRegen 0.11/turn               (no ring)

@: tree-form, constricted
A: stationary, stasis, torment immunity, boosted hp, high MP 1, forlorn, divine
attributes
a: no special abilities


You were on level 3 of the Dungeon.
You were a tree.
You visited 1 branch of the dungeon, and saw 3 of its levels.

You collected 88 gold pieces.

Inventory:

Hand Weapons
 i - a +0 short sword (weapon)
Armour
 a - a +0 robe (melded)
 l - a +0 helmet (melded)
Jewellery
 f - a ring of protection from cold (left branch)
Scrolls
 c - a scroll of teleportation {unknown}
 d - a scroll of blinking {unknown}
 h - a scroll of identify {unknown}
Potions
 b - a potion of flight {unknown}
 j - a potion of curing {unknown}
 k - a potion of mutation {unknown}


   Skills:
 + Level 2.0 Dodging
 + Level 1.8 Stealth
 + Level 2.4 Spellcasting
 + Level 1.6 Transmutations
 + Level 3.4 Poison Magic


You had 3 spell levels left.
You knew the following spells:

 Your Spells              Type           Power      Damage    Failure   Level
a - Sting                 Tmut/Pois      48%        1d5       5%          1
b - Poisonous Vapours     Pois/Air       18%        N/A       11%         2

Your spell library contained the following spells:

 Spells                   Type           Power      Damage    Failure   Level
 Mephitic Cloud           Conj/Pois/Air  7%         N/A       28%         3
 Olgreb's Toxic Radiance  Pois           16%        N/A       34%         4


Dungeon Overview and Level Annotations

Branches:
Dungeon (3/15)

Annotations:
D:3 Zeld's ghost, weakling OgTm


Innate Abilities, Weirdness & Mutations

You are a tree.
Your roots penetrate the ground, keeping you stationary.
You cannot be teleported.
You are immune to unholy pain and torment.
Your maximum health is greatly increased.
Your equipment is partially melded.
You have an increased reservoir of magic. (+10% MP)
You shall have no god before yourself.
Your divine heritage dramatically boosts your attributes as you level up.


Message History

The bullfrog hits you but does no damage.
The ball python bites you but does no damage.
The ball python constricts you.
The bullfrog hits you but does no damage.
You hit the bullfrog but do no damage.
The bullfrog is almost dead.
The ball python bites you but does no damage.
The ball python constricts you.
The bullfrog hits you but does no damage.
The ball python bites you but does no damage.
The ball python constricts you.
You hit the bullfrog but do no damage.
The bullfrog is almost dead.
The bullfrog looks more healthy.
The bullfrog hits you.
* * * LOW HITPOINT WARNING * * *
The bullfrog hits you but does no damage.
The ball python bites you but does no damage.
The ball python constricts you.
You closely miss the bullfrog.
The bullfrog is almost dead.
The bullfrog hits you but does no damage.
The ball python bites you but does no damage.
The ball python constricts you.
The bullfrog hits you but does no damage.
You closely miss the bullfrog.
The bullfrog is almost dead.
The ball python bites you but does no damage.
The ball python constricts you.
The bullfrog hits you but does no damage.
The ball python bites you but does no damage.
The ball python constricts you.
You closely miss the bullfrog.
The bullfrog is almost dead.
The bullfrog hits you but does no damage. x2
The ball python bites you but does no damage.
The ball python constricts you.
You barely miss the bullfrog.
The bullfrog is almost dead.
The bullfrog hits you.
You die...

.......####...#######
....... ##..#
......######..#
..............#
.######.## #w# ##r##


#WSF# #.#♣# ..#### ##. .. .. .S. You could see a bullfrog, a worm, Zeld's ghost,
a river rat and a ball python.

Vanquished Creatures
  An adder (D:2)
  2 worms (D:2)
  8 ball pythons (D:1)
  An endoplasm (D:1)
  2 giant cockroaches
  5 goblins
  9 hobgoblins
  5 jackals (D:1)
  4 quokkas
  A bat (D:2)
  A frilled lizard (D:2)
  3 kobolds
  6 rats
48 creatures vanquished.

Notes
Turn   | Place    | Note
-------+----------+-------------------------------------------
     0 | D:1      | Tiocfaidh the Demigod Venom Mage began the quest for the
                  | Orb.
     0 | D:1      | Reached XP level 1. HP: 14/14 MP: 5/5
   162 | D:1      | Reached XP level 2. HP: 20/20 MP: 4/7
   185 | D:1      | Reached skill level 3 in Poison Magic
   263 | D:1      | Reached skill level 1 in Transmutations
   781 | D:1      | Reached XP level 3. HP: 16/26 MP: 7/9
   784 | D:1      | Learned a level 2 spell: Poisonous Vapours
  1651 | D:3      | Found a runed translucent door.
  1668 | D:3      | Noticed Zeld's ghost (weakling OgTm)
  1668 | D:3      | Noticed a bullfrog
  1697 | D:3      | HP: 1/39 [bullfrog (3)]
  1705 | D:3      | Slain by a bullfrog

Illustrated notes

Levels and vault maps discovered:
D:1:      dpeg_arrival_stonehenge_8_columns, layout_basic
D:2:      layout_rooms
D:3:      layout_basic, nicolae_ecumenical_snake_handling,
          ebering_ghost_sewer_f, uniq_jessica, uniq_natasha

Skill      XL: |  1  2 |
---------------+-------+-----
Spellcasting   | 2 |  2.4
Poison Magic   | 3 |  3.4
Dodging        | 2 |  2.0
Transmutations | 1 |  1.6
Stealth        | |  1.8

Action                   || total
-------------------------++-------
Melee: Unarmed           ||    13
       Short sword       ||    24
 Cast: Sting             ||    91
       Poisonous Vapours ||     2
  Use: Potion            ||     2
Armor: Robe              ||    14
       Skin              ||    24
Dodge: Dodged            ||    70
